[Event "EYTCC U18 Open 2019"]
[Site "Pardubice"]
[Date "2019.07.13"]
[Round "3.16"]
[White "Marn, Jan"]
[Black "Svanda, Ondrej"]
[Result "0-1"]
[ECO "A04"]
[WhiteElo "2215"]
[BlackElo "2234"]
[Annotator "NA"]
[PlyCount "130"]
[EventDate "2019.07.11"]
[EventType "swiss"]
[EventCountry "CZE"]
[SourceTitle "playchess.com"]
[Source "ChessBase"]
[SourceQuality "1"]
[WhiteTeam "Slovenia"]
[BlackTeam "Czech Republic"]
[WhiteTeamCountry "SLO"]
[BlackTeamCountry "CZE"]
[TimeControl "40/5400+30:1800+30"]

1. Nf3 c5 2. g3 Nc6 3. Bg2 g6 4. O-O Bg7 5. c4 d6 6. Nc3 e5 7. d3 Nge7 8. Ne1 Be6 9. Nc2 d5 10. cxd5 Nxd5 11. Ne3 Nde7 12. Ne4 b6 13. Qa4 Rc8 14. Ng5 Bd7 15. Nc4 O-O 16. Nd6 Nd4 17. Qd1 Rc7 18. Nc4 Bc6 19. Bxc6 Nexc6 20. e3 Nf5 21. e4 Nfd4 22. Nh3 Rd7 23. Ne3 Nb4 24. a3 Nxd3 25. Nd5 Rxd5 26. exd5 Qxd5 27. f3 Nb3 28. Rb1 Nbxc1 29. Rxc1 Qd4+ 30. Nf2 Nxc1 31. Qxc1 Qd5 32. Kg2 f5 33. Rd1 Qe6 34. Qc2 Re8 35. Re1 Rd8 36. Nd3 Qd5 37. Nf2 Qe6 38. Nd3 Rd4 39. Nf2 Qd5 40. Re2 Qc4 41. Qxc4+ Rxc4 42. g4 Kf7 43. b4 Ke6 44. bxc5 Rxc5 45. gxf5+ gxf5 46. Nd3 Rc4 47. Kf2 Rd4 48. Nb4 a5 49. Nc2 Rd3 50. Ne3 b5 51. Rc2 Bf8 52. Rc6+ Rd6 53. Rc8 Bh6 54. Nf1 Rb6 55. Ke2 b4 56. axb4 axb4 57. Nd2 Bxd2 58. Kxd2 b3 59. Kc1 b2+ 60. Kb1 Kd5 61. Rd8+ Kc4 62. Rf8 e4 63. fxe4 fxe4 64. Rf7 e3 65. Rxh7 Re6 0-1

[Event "EYTCC U18 Open 2019"]
[Site "Pardubice"]
[Date "2019.07.13"]
[Round "3.25"]
[White "Blohberger, Felix"]
[Black "Engel, Luis"]
[Result "1/2-1/2"]
[ECO "B51"]
[WhiteElo "2476"]
[BlackElo "2509"]
[Annotator "ChessBase"]
[PlyCount "80"]
[EventDate "2019.07.11"]
[EventType "swiss"]
[EventCountry "CZE"]
[SourceTitle "playchess.com"]
[Source "ChessBase"]
[SourceQuality "1"]
[WhiteTeam "Austria"]
[BlackTeam "Germany"]
[WhiteTeamCountry "AUT"]
[BlackTeamCountry "GER"]
[TimeControl "40/5400+30:1800+30"]

1. e4 c5 2. Nf3 d6 3. Bb5+ Nd7 4. O-O a6 5. Bd3 Ngf6 6. Re1 e6 7. c3 b5 8. Bc2 Bb7 9. d4 Be7 10. Nbd2 Qc7 11. Nf1 Rc8 12. Bd3 O-O 13. Ng3 Rfe8 14. Qe2 Bf8 15. Bd2 g6 16. b3 Bg7 17. h3 Nb6 18. Rac1 Nfd7 19. Be3 f5 20. Qd2 Nf6 21. Bh6 fxe4 22. Bxg7 Qxg7 23. Nxe4 Nxe4 24. Bxe4 cxd4 25. cxd4 Rxc1 26. Qxc1 Nd5 27. Qd2 Rf8 28. Ng5 Qf6 29. Bxd5 Bxd5 30. Ne4 Bxe4 31. Rxe4 Qf5 32. Qe3 Rf6 33. g4 Qd5 34. Rf4 Rxf4 35. Qxf4 e5 36. dxe5 dxe5 37. Qf6 a5 38. Qe7 b4 39. Qe8+ Kg7 40. Qe7+ Kg8 1/2-1/2

[Event "EYTCC U18 Open 2019"]
[Site "Pardubice"]
[Date "2019.07.13"]
[Round "3.26"]
[White "Parvanyan, Ashot"]
[Black "Horvath, Dominik"]
[Result "0-1"]
[ECO "D02"]
[WhiteElo "2423"]
[BlackElo "2424"]
[Annotator "NA"]
[PlyCount "80"]
[EventDate "2019.07.11"]
[EventType "swiss"]
[EventCountry "CZE"]
[SourceTitle "playchess.com"]
[Source "ChessBase"]
[SourceQuality "1"]
[WhiteTeam "Germany"]
[BlackTeam "Austria"]
[WhiteTeamCountry "GER"]
[BlackTeamCountry "AUT"]
[TimeControl "40/5400+30:1800+30"]

1. Nf3 d5 2. d4 Nf6 3. c4 e6 4. g3 Bb4+ 5. Bd2 Be7 6. Bg2 c6 7. O-O Nbd7 8. Na3 b6 9. Rc1 O-O 10. cxd5 cxd5 11. Qb3 Ba6 12. Nb5 Ne4 13. Bf4 g5 14. Be3 Bxb5 15. Qxb5 Nd6 16. Qd3 Nc4 17. b3 Nxe3 18. fxe3 Ba3 19. Rb1 a5 20. e4 dxe4 21. Qxe4 Rc8 22. h4 h6 23. hxg5 hxg5 24. Qg4 Be7 25. e4 f5 26. exf5 exf5 27. Qh5 Kg7 28. Nh2 Rc3 29. Rbc1 Qc7 30. Rxc3 Qxc3 31. Qe2 Qxd4+ 32. Kh1 Qe5 33. Qd1 Bd6 34. Rf3 Nc5 35. Qc1 Ne4 36. Bf1 Nxg3+ 37. Kg2 Ne4 38. Rh3 Qd4 39. Qc2 g4 40. Rd3 Qe5 0-1

[Event "EYTCC U18 Open 2019"]
[Site "Pardubice"]
[Date "2019.07.13"]
[Round "3.27"]
[White "Leisch, Lukas"]
[Black "Schmidek, Emil"]
[Result "1-0"]
[ECO "A16"]
[WhiteElo "2327"]
[BlackElo "2391"]
[Annotator "NA"]
[PlyCount "117"]
[EventDate "2019.07.11"]
[EventType "swiss"]
[EventCountry "CZE"]
[SourceTitle "playchess.com"]
[Source "ChessBase"]
[SourceQuality "1"]
[WhiteTeam "Austria"]
[BlackTeam "Germany"]
[WhiteTeamCountry "AUT"]
[BlackTeamCountry "GER"]
[TimeControl "40/5400+30:1800+30"]

1. c4 Nf6 2. Nc3 d5 3. cxd5 Nxd5 4. Nf3 g6 5. h4 Bg7 6. e4 Nxc3 7. dxc3 Qxd1+ 8. Kxd1 Nd7 9. Bc4 Nf6 10. Re1 Ng4 11. Re2 Bd7 12. a4 a6 13. Kc2 O-O 14. a5 Rfc8 15. Bf4 e6 16. e5 h5 17. Ng5 Nh6 18. f3 Bc6 19. g4 hxg4 20. fxg4 Bb5 21. Bxb5 axb5 22. Rg2 Rd8 23. Ne4 Kf8 24. Bg5 Rd5 25. Nf6 Bxf6 26. exf6 Ng8 27. Rf2 Ke8 28. Be3 Re5 29. Bf4 Re4 30. g5 e5 31. Bd2 Rxh4 32. Re2 e4 33. Rae1 Rxa5 34. Rxe4+ Rxe4 35. Rxe4+ Kd7 36. Bf4 Ra6 37. Rd4+ Kc8 38. Rd5 c6 39. Rd1 Ra4 40. Be3 Kc7 41. Rd4 Ra8 42. Bf4+ Kc8 43. Rd1 Ra4 44. b4 Ra2+ 45. Kd3 Ra3 46. Kd4 Ra2 47. Kc5 Ra3 48. Rd3 Ra1 49. Re3 Kd7 50. Kb6 Rf1 51. Re4 Rf3 52. Be3 Nxf6 53. gxf6 Rxf6 54. Kxb7 Rf3 55. Bc5 Rf5 56. Re7+ Kd8 57. Bd6 Rf3 58. Kxc6 Rxc3+ 59. Kxb5 1-0

[Event "EYTCC U18 Open 2019"]
[Site "Pardubice"]
[Date "2019.07.13"]
[Round "3.28"]
[White "Krastev, Alexander"]
[Black "Morgunov, Marc"]
[Result "1/2-1/2"]
[ECO "C54"]
[WhiteElo "2325"]
[BlackElo "2314"]
[Annotator "NA"]
[PlyCount "141"]
[EventDate "2019.07.11"]
[EventType "swiss"]
[EventCountry "CZE"]
[SourceTitle "playchess.com"]
[Source "ChessBase"]
[SourceQuality "1"]
[WhiteTeam "Germany"]
[BlackTeam "Austria"]
[WhiteTeamCountry "GER"]
[BlackTeamCountry "AUT"]
[TimeControl "40/5400+30:1800+30"]

1. e4 e5 2. Nf3 Nc6 3. Bc4 Bc5 4. c3 Nf6 5. d3 a6 6. O-O Ba7 7. Bb3 d6 8. Re1 O-O 9. h3 Be6 10. Nbd2 Re8 11. Nf1 h6 12. N3h2 Bxb3 13. axb3 Ne7 14. Ng3 Ng6 15. Nf5 Ne7 16. g4 Nxf5 17. gxf5 d5 18. Qf3 Qd6 19. Kh1 dxe4 20. dxe4 Rad8 21. Rg1 Kh7 22. Qg3 Rg8 23. Qh4 Qd3 24. Re1 g5 25. fxg6+ Rxg6 26. Be3 Bxe3 27. Rxe3 Qc2 28. Rae1 Rd1 29. Nf3 Rxe1+ 30. Rxe1 Qxb2 31. Rg1 Qxc3 32. Rxg6 Qxf3+ 33. Rg2 Nxe4 34. Kh2 f6 35. Qg4 Qxg4 36. hxg4 Kg6 37. f3 Nc5 38. b4 Nd3 39. Rc2 c6 40. Rc4 Nf4 41. Kg3 Kg5 42. Re4 Nd5 43. Kf2 b5 44. Ke1 Nf4 45. Kf2 Nd5 46. Ke1 h5 47. gxh5 Kxh5 48. Kd2 Kg5 49. Rg4+ Kf5 50. Rh4 Ke6 51. Kc2 Kd6 52. Kb3 c5 53. bxc5+ Kxc5 54. Rh8 Nb6 55. Rf8 a5 56. Rxf6 a4+ 57. Kc2 b4 58. Rf8 Kd4 59. Rd8+ Ke3 60. Rb8 Nd5 61. Ra8 Kxf3 62. Rxa4 Ke4 63. Ra8 Kd4 64. Rd8 e4 65. Kb3 e3 66. Re8 Kd3 67. Re5 e2 68. Rxd5+ Ke3 69. Re5+ Kf2 70. Kxb4 e1=Q+ 71. Rxe1 1/2-1/2

[Event "EYTCC U18 Open 2019"]
[Site "Pardubice"]
[Date "2019.07.13"]
[Round "3.29"]
[White "Gumularz, Szymon"]
[Black "Erenberg, Ariel"]
[Result "1/2-1/2"]
[ECO "A13"]
[WhiteElo "2502"]
[BlackElo "2442"]
[Annotator "ChessBase"]
[PlyCount "61"]
[EventDate "2019.07.11"]
[EventType "swiss"]
[EventCountry "CZE"]
[SourceTitle "playchess.com"]
[Source "ChessBase"]
[SourceQuality "1"]
[WhiteTeam "Poland"]
[BlackTeam "Israel"]
[WhiteTeamCountry "POL"]
[BlackTeamCountry "ISR"]
[TimeControl "40/5400+30:1800+30"]

1. Nf3 Nf6 2. c4 e6 3. g3 d5 4. Bg2 dxc4 5. Qa4+ Bd7 6. Qxc4 c5 7. Ne5 Qc8 8. Qd3 Nc6 9. Nxd7 Nxd7 10. Nc3 Be7 11. O-O O-O 12. b3 Rd8 13. Bb2 Nb6 14. Qe3 Nd5 15. Nxd5 exd5 16. Qf3 a5 17. Qh5 Qe6 18. a4 Ra6 19. Rab1 Rb6 20. Ba1 Bf6 21. Bxf6 Qxf6 22. Rfc1 Qd6 23. e3 Rb4 24. Qf5 Ne7 25. Qc2 b6 26. d3 g6 27. Rd1 Nf5 28. Bh3 Qf6 29. d4 cxd4 30. Bxf5 gxf5 31. Rxd4 1/2-1/2

[Event "EYTCC U18 Open 2019"]
[Site "Pardubice"]
[Date "2019.07.13"]
[Round "3.30"]
[White "Bronstein, Or"]
[Black "Teclaf, Pawel"]
[Result "1-0"]
[ECO "A40"]
[WhiteElo "2378"]
[BlackElo "2454"]
[Annotator "ChessBase"]
[PlyCount "65"]
[EventDate "2019.07.11"]
[EventType "swiss"]
[EventCountry "CZE"]
[SourceTitle "playchess.com"]
[Source "ChessBase"]
[SourceQuality "1"]
[WhiteTeam "Israel"]
[BlackTeam "Poland"]
[WhiteTeamCountry "ISR"]
[BlackTeamCountry "POL"]
[TimeControl "40/5400+30:1800+30"]

1. d4 e6 2. c4 d5 3. Nf3 c5 4. cxd5 exd5 5. Bg5 Be7 6. Bxe7 Nxe7 7. dxc5 Qa5+ 8. Nc3 Nbc6 9. e3 O-O 10. Bb5 a6 11. Bxc6 bxc6 12. O-O Qxc5 13. Na4 Qd6 14. Qd4 Re8 15. Rac1 Bf5 16. Rfd1 Qh6 17. Nc5 Ng6 18. Qa4 Rac8 19. Re1 Be4 20. Nd2 Bf5 21. Nf1 Nh4 22. Ng3 d4 23. Nxf5 Nxf5 24. e4 Nh4 25. Qa3 Re5 26. g3 Ng6 27. Qxa6 Rce8 28. Qxc6 Qh3 29. Qd7 f5 30. Nd3 Nh4 31. gxh4 R5e6 32. Nf4 Qg4+ 33. Ng2 1-0

[Event "EYTCC U18 Open 2019"]
[Site "Pardubice"]
[Date "2019.07.13"]
[Round "3.31"]
[White "Kosakowski, Jakub"]
[Black "Gorshtein, Ido"]
[Result "0-1"]
[ECO "B10"]
[WhiteElo "2394"]
[BlackElo "2367"]
[Annotator "NA"]
[PlyCount "102"]
[EventDate "2019.07.11"]
[EventType "swiss"]
[EventCountry "CZE"]
[SourceTitle "playchess.com"]
[Source "ChessBase"]
[SourceQuality "1"]
[WhiteTeam "Poland"]
[BlackTeam "Israel"]
[WhiteTeamCountry "POL"]
[BlackTeamCountry "ISR"]
[TimeControl "40/5400+30:1800+30"]

1. e4 c6 2. Nf3 d5 3. exd5 cxd5 4. Ne5 Nc6 5. d4 Nf6 6. Bb5 Bd7 7. Nxd7 Qxd7 8. c3 e6 9. O-O Bd6 10. Nd2 Qc7 11. Nf3 Ne4 12. Re1 O-O 13. Bd3 f5 14. c4 Kh8 15. a3 dxc4 16. Bxe4 fxe4 17. Rxe4 Qf7 18. Qe2 Qh5 19. Rh4 Qd5 20. Ng5 h6 21. Qxe6 Qxe6 22. Nxe6 Rf5 23. Bd2 Re8 24. Re1 Re7 25. Rhe4 Ref7 26. f4 Rd5 27. g4 g6 28. R1e3 b5 29. Rh3 Rh7 30. Nd8 Ne7 31. Nb7 Bc7 32. Re6 Bb6 33. Bc3 Bxd4+ 34. Bxd4+ Rxd4 35. Rhe3 Nd5 36. Re8+ Kg7 37. R3e5 Rh8 38. Rxh8 Kxh8 39. Re8+ Kg7 40. Nc5 Nxf4 41. Rb8 Kf6 42. Rxb5 Rd5 43. Ra5 Ke5 44. Nd7+ Kd4 45. Rxa7 Ke3 46. h4 Kf3 47. Nf6 Rd1+ 48. Kh2 Rd2+ 49. Kg1 Ne2+ 50. Kh2 Ng3+ 51. Kh3 Nf1 0-1

[Event "EYTCC U18 Open 2019"]
[Site "Pardubice"]
[Date "2019.07.13"]
[Round "3.32"]
[White "Emanuel, Yahav"]
[Black "Chylewski, Patryk"]
[Result "1/2-1/2"]
[ECO "B85"]
[WhiteElo "2359"]
[BlackElo "2376"]
[Annotator "NA"]
[PlyCount "84"]
[EventDate "2019.07.11"]
[EventType "swiss"]
[EventCountry "CZE"]
[SourceTitle "playchess.com"]
[Source "ChessBase"]
[SourceQuality "1"]
[WhiteTeam "Israel"]
[BlackTeam "Poland"]
[WhiteTeamCountry "ISR"]
[BlackTeamCountry "POL"]
[TimeControl "40/5400+30:1800+30"]

1. e4 c5 2. Nf3 e6 3. Nc3 Nc6 4. d4 cxd4 5. Nxd4 Qc7 6. Be2 a6 7. O-O Nf6 8. Be3 Be7 9. f4 d6 10. Qe1 O-O 11. Qg3 Nxd4 12. Bxd4 b5 13. a3 Bb7 14. Rad1 Rad8 15. Kh1 Rd7 16. Bf3 Qd8 17. e5 dxe5 18. fxe5 Nh5 19. Qg4 Bxf3 20. Rxf3 f5 21. exf6 Bxf6 22. Rdf1 Rxd4 23. Qxh5 Qe8 24. Qc5 Qe7 25. Qb6 Qd6 26. Qxd6 Rxd6 27. Ne4 Rd4 28. Re1 Rd5 29. c3 Be7 30. Rfe3 Re5 31. g3 Rd8 32. Kg2 Rd7 33. R3e2 Bd8 34. h4 h6 35. Nf2 Rxe2 36. Rxe2 Kf7 37. Kf3 Bb6 38. Ke4 Bxf2 39. Rxf2+ Ke7 40. Ke3 Rd1 41. Rf4 Re1+ 42. Kf2 Rb1 1/2-1/2

[Event "EYTCC U18 Open 2019"]
[Site "Pardubice"]
[Date "2019.07.13"]
[Round "3.33"]
[White "Gazik, Viktor"]
[Black "Ivic, Velimir"]
[Result "1/2-1/2"]
[ECO "D86"]
[WhiteElo "2525"]
[BlackElo "2510"]
[Annotator "ChessBase"]
[PlyCount "61"]
[EventDate "2019.07.11"]
[EventType "swiss"]
[EventCountry "CZE"]
[SourceTitle "playchess.com"]
[Source "ChessBase"]
[SourceQuality "1"]
[WhiteTeam "Slovakia"]
[BlackTeam "Serbia"]
[WhiteTeamCountry "SVK"]
[BlackTeamCountry "SRB"]
[TimeControl "40/5400+30:1800+30"]

1. d4 Nf6 2. c4 g6 3. Nc3 d5 4. cxd5 Nxd5 5. e4 Nxc3 6. bxc3 Bg7 7. Bc4 c5 8. Ne2 Nc6 9. Be3 O-O 10. O-O b6 11. dxc5 Qc7 12. cxb6 axb6 13. Rb1 Ne5 14. Bd5 Rb8 15. Bf4 Ba6 16. Qc2 Qc8 17. Rbd1 Rd8 18. Rd2 Qc7 19. Bb3 Rxd2 20. Qxd2 Rd8 21. Qe3 Rd3 22. Qc1 Rd7 23. c4 Qc6 24. Bxe5 Bxe5 25. Qc2 Qc5 26. Nc3 Bxc3 27. Qxc3 Rd4 28. Rd1 Rxd1+ 29. Bxd1 Qxc4 30. Qxc4 Bxc4 31. a3 1/2-1/2

[Event "EYTCC U18 Open 2019"]
[Site "Pardubice"]
[Date "2019.07.13"]
[Round "3.34"]
[White "Radovanovic, Mihajlo"]
[Black "Pechac, Jergus"]
[Result "1-0"]
[ECO "D38"]
[WhiteElo "2500"]
[BlackElo "2469"]
[Annotator "ChessBase"]
[PlyCount "63"]
[EventDate "2019.07.11"]
[EventType "swiss"]
[EventCountry "CZE"]
[SourceTitle "playchess.com"]
[Source "ChessBase"]
[SourceQuality "1"]
[WhiteTeam "Serbia"]
[BlackTeam "Slovakia"]
[WhiteTeamCountry "SRB"]
[BlackTeamCountry "SVK"]
[TimeControl "40/5400+30:1800+30"]

1. Nf3 Nf6 2. c4 e6 3. Nc3 d5 4. d4 Bb4 5. g3 O-O 6. Bg2 dxc4 7. O-O Nc6 8. Qa4 Nd5 9. Qc2 Be7 10. Rd1 Rb8 11. e4 Ndb4 12. Qe2 Nd3 13. Be3 b5 14. b3 a6 15. d5 exd5 16. Nxd5 Bg4 17. h3 Bxf3 18. Qxf3 Ncb4 19. bxc4 bxc4 20. Nxe7+ Qxe7 21. Qe2 Rfd8 22. a3 Nc6 23. Qc2 Nd4 24. Bxd4 Rxd4 25. Rab1 Rxb1 26. Rxb1 h6 27. Kh2 Qxa3 28. Rb8+ Kh7 29. e5 Qc1 30. Qa4 Nxf2 31. e6 fxe6 32. Rf8 1-0

[Event "EYTCC U18 Open 2019"]
[Site "Pardubice"]
[Date "2019.07.13"]
[Round "3.35"]
[White "Haring, Filip"]
[Black "Budisavljevic, Luka"]
[Result "1/2-1/2"]
[ECO "B43"]
[WhiteElo "2334"]
[BlackElo "2351"]
[Annotator "NA"]
[PlyCount "102"]
[EventDate "2019.07.11"]
[EventType "swiss"]
[EventCountry "CZE"]
[SourceTitle "playchess.com"]
[Source "ChessBase"]
[SourceQuality "1"]
[WhiteTeam "Slovakia"]
[BlackTeam "Serbia"]
[WhiteTeamCountry "SVK"]
[BlackTeamCountry "SRB"]
[TimeControl "40/5400+30:1800+30"]

1. e4 c5 2. Nf3 e6 3. d4 cxd4 4. Nxd4 a6 5. Nc3 b5 6. Bd3 Qb6 7. Nf3 Qc7 8. O-O Bb7 9. Re1 Be7 10. Qe2 d6 11. Bf4 Nf6 12. a4 b4 13. Na2 Nc6 14. c3 bxc3 15. Nxc3 O-O 16. Rec1 Qa5 17. Nd2 Qb4 18. Na2 Qxa4 19. Nc3 Qb4 20. Be3 d5 21. exd5 exd5 22. Ra4 Qd6 23. Nf3 Ne5 24. Nxe5 Qxe5 25. Bd4 Qxe2 26. Nxe2 Ne8 27. Rca1 Nc7 28. Bb6 Rfc8 29. Nd4 g6 30. g3 Bf6 31. Rb4 Be7 32. Rba4 Bf6 33. Rb4 Bxd4 34. Bxd4 Bc6 35. Be5 Bb5 36. Bxc7 Bxd3 37. Be5 Re8 38. Bc3 Rab8 39. Rxb8 Rxb8 40. Ra5 Bc4 41. Kg2 Kf8 42. Kf3 Ke7 43. Kf4 f6 44. h4 Rb6 45. Ra3 Kd7 46. Bd4 Rc6 47. Rc3 Rd6 48. Bc5 Rc6 49. Bd4 Rd6 50. Bc5 Re6 51. Re3 h6 {[%emt 0:00:00] Ke4} 1/2-1/2

[Event "EYTCC U18 Open 2019"]
[Site "Pardubice"]
[Date "2019.07.13"]
[Round "3.36"]
[White "Omorjan, Dejan"]
[Black "Sahidi, Samir"]
[Result "1/2-1/2"]
[ECO "D12"]
[WhiteElo "2317"]
[BlackElo "2369"]
[Annotator "NA"]
[PlyCount "248"]
[EventDate "2019.07.11"]
[EventType "swiss"]
[EventCountry "CZE"]
[SourceTitle "playchess.com"]
[Source "ChessBase"]
[SourceQuality "1"]
[WhiteTeam "Serbia"]
[BlackTeam "Slovakia"]
[WhiteTeamCountry "SRB"]
[BlackTeamCountry "SVK"]
[TimeControl "40/5400+30:1800+30"]

1. d4 Nf6 2. c4 c6 3. Nf3 d5 4. e3 Bf5 5. Nc3 e6 6. Nh4 Bg4 7. Qb3 Qb6 8. h3 Bh5 9. cxd5 Qxb3 10. axb3 Nxd5 11. Nxd5 cxd5 12. Bb5+ Nc6 13. Bd2 Kd7 14. g4 Bg6 15. Nxg6 hxg6 16. f4 Bd6 17. Kf2 a6 18. Bd3 Rh4 19. Ra4 Rah8 20. Kg2 Bc7 21. Be1 R4h6 22. Ra1 Na7 23. h4 Nc8 24. h5 Ne7 25. Bh4 f6 26. b4 Rc8 27. hxg6 Nxg6 28. Bg3 Rxh1 29. Rxh1 Nf8 30. b5 axb5 31. Bxb5+ Kd8 32. Be1 Bd6 33. Bc3 Ra8 34. Kf3 f5 35. gxf5 exf5 36. Bd3 g6 37. Bc2 Kd7 38. Bb3 Ke6 39. Rg1 Rd8 40. Ke2 Rd7 41. Kd3 Rh7 42. Bd2 Rh2 43. Ba4 Rh6 44. Ba5 Rh3 45. Kd2 Rh2+ 46. Kc3 Re2 47. Rg3 g5 48. Rxg5 Rxe3+ 49. Kc2 Bxf4 50. Rg7 Re2+ 51. Kb1 Bd6 52. Rxb7 f4 53. Bd1 Rg2 54. Bh5 Nd7 55. Bd8 Rg7 56. Kc2 Be7 57. Bxe7 Kxe7 58. Kd2 Rg2+ 59. Ke1 Kd6 60. Bf3 Rg5 61. Ra7 Kc6 62. Ke2 Rg7 63. b4 Kb6 64. Ra8 Re7+ 65. Kf1 Nf6 66. Rb8+ Kc7 67. Rb5 Re3 68. Bxd5 f3 69. Bxf3 Rxf3+ 70. Ke2 Rh3 71. Rc5+ Kb6 72. Re5 Nd7 73. Rg5 Rb3 74. b5 Ka5 75. Kd2 Nb6 76. Kc2 Rh3 77. d5 Kxb5 78. d6+ Kc6 79. d7 Nxd7 80. Kd2 Nc5 81. Rg6+ Kd5 82. Rg8 Ne6 83. Re8 Rf3 84. Ra8 Ke4 85. Re8 Rf6 86. Re7 Rh6 87. Re8 Kd4 88. Ke2 Nf4+ 89. Kf3 Nd5 90. Rd8 Re6 91. Rd7 Rf6+ 92. Ke2 Rb6 93. Rd8 Rb3 94. Kf2 Rd3 95. Kg2 Ke3 96. Re8+ Kd2 97. Kf2 Nc3 98. Re7 Nd1+ 99. Kg2 Ne3+ 100. Kf2 Nf5 101. Ra7 Nd4 102. Ra2+ Nc2 103. Rb2 Ra3 104. Rb8 Nd4 105. Re8 Rf3+ 106. Kg2 Kd3 107. Re7 Rf8 108. Rd7 Rf6 109. Rd8 Ke3 110. Re8+ Ne6 111. Ra8 Rg6+ 112. Kh3 Nc5 113. Kh4 Ne4 114. Kh5 Rg1 115. Kh6 Kf4 116. Ra4 Ke5 117. Ra5+ Ke6 118. Ra6+ Nd6 119. Kh5 Kf5 120. Ra5+ Kf4 121. Ra4+ Ne4 122. Kh6 Rg8 123. Kh7 Re8 124. Kg6 Re6+ 1/2-1/2

[Event "EYTCC U18 Open 2019"]
[Site "Pardubice"]
[Date "2019.07.14"]
[Round "4.1"]
[White "Gumularz, Szymon"]
[Black "Zarubitski, Viachaslau"]
[Result "1/2-1/2"]
[ECO "A11"]
[WhiteElo "2502"]
[BlackElo "2424"]
[Annotator "ChessBase"]
[PlyCount "72"]
[EventDate "2019.07.11"]
[EventType "swiss"]
[EventCountry "CZE"]
[SourceTitle "playchess.com"]
[Source "ChessBase"]
[SourceQuality "1"]
[WhiteTeam "Poland"]
[BlackTeam "Belarus"]
[WhiteTeamCountry "POL"]
[BlackTeamCountry "BLR"]
[TimeControl "40/5400+30:1800+30"]

1. c4 c6 2. d4 d5 3. Nc3 dxc4 4. e3 b5 5. a4 b4 6. Ne4 Qd5 7. Ng3 Nf6 8. Be2 e5 9. Nf3 exd4 10. exd4 Bd6 11. Nf1 Ba6 12. Ne3 Qe6 13. O-O O-O 14. Ng5 Qd7 15. Nxc4 Qc7 16. Nf3 Nbd7 17. Be3 Nd5 18. Rc1 Bf4 19. Re1 Nxe3 20. fxe3 Bh6 21. Qb3 Bxc4 22. Bxc4 Qa5 23. Rf1 Rae8 24. Rce1 Re7 25. e4 Kh8 26. Kh1 g6 27. e5 Nb6 28. Ra1 Nd5 29. Bxd5 cxd5 30. Rf2 Rc8 31. Raf1 Rc4 32. h3 Kg8 33. Rd1 Rec7 34. Nh2 Qb6 35. Ng4 Bg5 36. Qd3 Rc1 1/2-1/2

[Event "EYTCC U18 Open 2019"]
[Site "Pardubice"]
[Date "2019.07.14"]
[Round "4.2"]
[White "Badelka, Olga"]
[Black "Teclaf, Pawel"]
[Result "1/2-1/2"]
[ECO "D17"]
[WhiteElo "2386"]
[BlackElo "2454"]
[Annotator "ChessBase"]
[PlyCount "60"]
[EventDate "2019.07.11"]
[EventType "swiss"]
[EventCountry "CZE"]
[SourceTitle "playchess.com"]
[Source "ChessBase"]
[SourceQuality "1"]
[WhiteTeam "Belarus"]
[BlackTeam "Poland"]
[WhiteTeamCountry "BLR"]
[BlackTeamCountry "POL"]
[TimeControl "40/5400+30:1800+30"]

1. c4 c6 2. d4 d5 3. Nf3 Nf6 4. Nc3 dxc4 5. a4 Bf5 6. Ne5 Nbd7 7. Nxc4 Nb6 8. Ne5 a5 9. f3 Nfd7 10. e4 Nxe5 11. exf5 Ned7 12. d5 Nf6 13. dxc6 Qxd1+ 14. Nxd1 bxc6 15. Bd2 Kd7 16. Nf2 e6 17. fxe6+ Kxe6 18. Nd3 Nfd5 19. Rc1 Nxa4 20. Rxc6+ Bd6 21. Nf4+ Kd7 22. Bb5 Bxf4 23. Bxa4 Ke7 24. Bb3 Bxd2+ 25. Kxd2 Rhd8 26. Re1+ Kf8 27. Bxd5 Rxd5+ 28. Kc3 Rb8 29. Rc7 Rdb5 30. Ree7 Rb3+ 1/2-1/2

[Event "EYTCC U18 Open 2019"]
[Site "Pardubice"]
[Date "2019.07.14"]
[Round "4.3"]
[White "Kosakowski, Jakub"]
[Black "Lazavik, Denis"]
[Result "1-0"]
[ECO "C91"]
[WhiteElo "2394"]
[BlackElo "2339"]
[Annotator "NA"]
[PlyCount "167"]
[EventDate "2019.07.11"]
[EventType "swiss"]
[EventCountry "CZE"]
[SourceTitle "playchess.com"]
[Source "ChessBase"]
[SourceQuality "1"]
[WhiteTeam "Poland"]
[BlackTeam "Belarus"]
[WhiteTeamCountry "POL"]
[BlackTeamCountry "BLR"]
[TimeControl "40/5400+30:1800+30"]

1. e4 e5 2. Nf3 Nc6 3. Bb5 a6 4. Ba4 Nf6 5. O-O Be7 6. Re1 b5 7. Bb3 d6 8. c3 O-O 9. d4 Bg4 10. d5 Na5 11. Bc2 c6 12. h3 Bd7 13. Nxe5 dxe5 14. d6 h6 15. dxe7 Qxe7 16. Nd2 c5 17. Nf1 Nb7 18. Be3 c4 19. Ng3 Nc5 20. Qf3 Rfd8 21. Rad1 Na4 22. Bc1 Nc5 23. b4 cxb3 24. axb3 Be6 25. Nf5 Bxf5 26. exf5 Rxd1 27. Rxd1 Rc8 28. Re1 Ncd7 29. b4 Qd6 30. Qg3 Nh5 31. Qf3 Nhf6 32. Qg3 Nh5 33. Qe3 Nhf6 34. Bb3 e4 35. f3 Re8 36. f4 Qc6 37. Rd1 Rc8 38. Bd2 Nb6 39. Be1 Nc4 40. Qd4 Nb2 41. Ra1 Nd3 42. Bd2 Qc7 43. Rxa6 Nxf4 44. Bxf4 Qxf4 45. Bxf7+ Kxf7 46. Rxf6+ gxf6 47. Qd7+ Kf8 48. Qxc8+ Kf7 49. Qe6+ Kg7 50. Qe7+ Kg8 51. Qe8+ Kg7 52. Qg6+ Kf8 53. Qxf6+ Ke8 54. Qc6+ Kf7 55. Qd7+ Kf8 56. Qxb5 Qc1+ 57. Kf2 Qd2+ 58. Qe2 Qf4+ 59. Kg1 Qc1+ 60. Kh2 e3 61. Kg3 Qxc3 62. Kf3 Qxb4 63. Qxe3 Qb7+ 64. Kg3 Qc7+ 65. Qf4 Qc3+ 66. Kh2 Qf6 67. Qb8+ Kf7 68. Qc7+ Kf8 69. Qc8+ Kg7 70. Qd7+ Kh8 71. Qe6 Qg5 72. Qe5+ Kh7 73. Qc7+ Kh8 74. Qc3+ Kh7 75. Qe5 Qc1 76. Qe7+ Kh8 77. Qd6 Kh7 78. Qe7+ Kh8 79. Kg3 Qd2 80. Qe5+ Kh7 81. Qc7+ Kh8 82. Qf4 Qe1+ 83. Kh2 Kg7 84. Qg3+ 1-0

[Event "EYTCC U18 Open 2019"]
[Site "Pardubice"]
[Date "2019.07.14"]
[Round "4.4"]
[White "Runets, Ivan"]
[Black "Chylewski, Patryk"]
[Result "1-0"]
[ECO "E32"]
[WhiteElo "2239"]
[BlackElo "2376"]
[Annotator "NA"]
[PlyCount "81"]
[EventDate "2019.07.11"]
[EventType "swiss"]
[EventCountry "CZE"]
[SourceTitle "playchess.com"]
[Source "ChessBase"]
[SourceQuality "1"]
[WhiteTeam "Belarus"]
[BlackTeam "Poland"]
[WhiteTeamCountry "BLR"]
[BlackTeamCountry "POL"]
[TimeControl "40/5400+30:1800+30"]

1. d4 Nf6 2. c4 e6 3. Nc3 Bb4 4. Qc2 O-O 5. Bg5 b6 6. a3 Bxc3+ 7. Qxc3 Bb7 8. e3 d6 9. f3 Nbd7 10. Bd3 h6 11. Bh4 Rc8 12. Ne2 c5 13. Qb3 d5 14. cxd5 Bxd5 15. Qa4 a6 16. O-O Bb7 17. Rac1 b5 18. Qd1 Qe7 19. dxc5 Nxc5 20. b4 Ncd7 21. e4 Rxc1 22. Qxc1 Rc8 23. Qa1 Qd6 24. Rd1 e5 25. Bf2 Qe6 26. a4 Bc6 27. Nc3 Rb8 28. axb5 axb5 29. Bf1 Qb3 30. Rb1 Qe6 31. Rd1 Qb3 32. Rd6 Ra8 33. Qc1 Bb7 34. Nxb5 Qxb4 35. Qc7 Ra1 36. Qxb7 Ne8 37. Qxd7 Qb1 38. Qxe8+ Kh7 39. h3 Qxf1+ 40. Kh2 Qxf2 41. Qxf7 1-0